 Dungeon Crawl Stone Soup version 0.19.1 (webtiles) character file.

844 Lilleppy the Cudgeler (level 8, -2/48 HPs)
             Began as a Gargoyle Gladiator on Dec 8, 2016.
             Slain by a gnoll
             ... wielding a +0 flail
              (6 damage)
             ... on level 5 of the Dungeon.
             The game lasted 00:10:08 (3881 turns).

Lilleppy the Cudgeler (Gargoyle Gladiator)          Turns: 3881, Time: 00:10:08

Health: -2/48      AC: 19    Str: 21    XL:     8   Next: 0%
Magic:  8/8        EV:  8    Int:  9    God:
Gold:   170        SH:  4    Dex: 10    Spells: 0 memorised, 7 levels left

rFire  . . .     SeeInvis .     A - +3 mace
rCold  . . .     Gourm    .     v - +2 chain mail {MR+}
rNeg   + . .     Faith    .     r - +0 buckler {reflect}
rPois  ∞         Spirit   .     y - +0 helmet
rElec  +         Reflect  +     C - +0 cloak
rCorr  .         Harm     .     (no gloves)
MR     +....                    (no boots)
Stlth  ..........               (no amulet)
                                (no ring)
                                (no ring)

@: no status effects
A: negative energy resistance 1, electricity resistance, unbreathing,
petrification resistance, rot immunity, AC +5
a: no special abilities


You were on level 5 of the Dungeon.
You were not hungry.

You visited 1 branch of the dungeon, and saw 5 of its levels.

You collected 170 gold pieces.

Inventory:

Hand Weapons
 i - a +2 mace of crushing
 l - a +1 whip of electrocution
 n - a +1 dagger of venom
 A - a +3 mace (weapon)
 B - a +4 quarterstaff of chaos
Missiles
 d - 3 throwing nets (quivered)
Armour
 r - a +0 buckler of reflection (worn)
 v - a +2 chain mail of magic resistance (worn)
 y - a +0 helmet (worn)
 C - a +0 cloak (worn)
Wands
 c - a wand of polymorph (14/24)
 w - a wand of confusion (27/48)
Scrolls
 e - a scroll of recharging
 h - 5 scrolls of identify {unknown}
 k - 3 scrolls of remove curse {unknown}
 m - a scroll of fog {unknown}
 s - a scroll of noise {unknown}
Potions
 o - a potion of haste {unknown}
 p - a potion of berserk rage {unknown}
 t - a potion of lignification {unknown}
 u - a potion of degeneration {unknown}
 x - a potion of agility {unknown}
Comestibles
 b - 2 meat rations
 f - 4 bread rations
 g - a slice of pizza
 j - 3 fruits
 q - 2 beef jerkies
 z - a royal jelly


   Skills:
 + Level 3.7 Fighting
 + Level 6.4 Maces & Flails
 + Level 2.0 Throwing
 + Level 4.1 Armour
 + Level 3.7 Dodging
 + Level 0.8 Stealth
 + Level 1.9 Shields


You had 7 spell levels left.
You didn't know any spells.

Dungeon Overview and Level Annotations

Branches:
Dungeon (5/15)
 Temple: D:4-7

Altars:
Vehumet

Shops:
D:5 :


Innate Abilities, Weirdness & Mutations

You are resistant to torment.
Your stone body is resilient. (AC +5)
You are immune to poison.
You resist negative energy. (rN+)
You are resistant to electric shocks. (rElec)
You can survive without breathing.
You are immune to petrification.
You are immune to rotting.


Message History

The gnoll barely misses you. x2
You hit the gnoll.
The gnoll is heavily wounded.
The gnoll hits you but does no damage. The gnoll barely misses you.
The gnoll hits you but does no damage.
The gnoll hits you from afar with a spear.
* * * LOW HITPOINT WARNING * * *
Things that are here:
a club; a gnoll corpse You see here a scale mail.
You barely miss the gnoll.
The gnoll is heavily wounded.
The gnoll barely misses you. The gnoll closely misses you.
You barely miss the gnoll.
The gnoll is heavily wounded.
The gnoll barely misses you. The gnoll hits you but does no damage.
You closely miss the gnoll.
The gnoll is heavily wounded.
The gnoll hits you with a flail.
You die...

#....###.# #....#
#.# ≈## #P.P.# #.#
######≈≈# ##.P.#
#.###>....≈≈# ##.##
#.....####≈≈# ##.#
#####.....≈# ####
#.##
#....####≈##≈≈≈##≈#
##.#
#.#######≈≈≈≈≈≈≈≈≈#
#.## ##.......@##.#
##'##
#...#####g##.##
#.).#
###.#.).#g##..#
#...#
#...#.#)#g....###
#...#
#####.#[).).....#
#####
#.....####......#
#.##### #......#
######.#<..#
###....#
#.....####.##
#....##


You could see 3 gnolls.

Vanquished Creatures
  The ghost of Spathi the Chiller, an amateur GrIE of Sif Muna (D:4)
  An ogre (D:4)
  A gnoll sergeant (D:5)
  A scorpion (D:5)
  A bullfrog zombie (D:5)
  2 orc priests
  A jelly (D:5)
  Crazy Yiuf (D:5)
  6 orc wizards
  An iguana (D:4)
  A hound skeleton (D:4)
  2 gnolls (D:5)
  3 adders
  An ooze (D:5)
  A worm (D:2)
  5 dart slugs
  14 orcs
  4 giant cockroaches
  7 goblins
  4 hobgoblins
  7 jackals (D:2)
  6 kobolds
  2 quokkas
  7 bats
  3 frilled lizards (D:3)
  A jackal skeleton (D:5)
  9 rats
93 creatures vanquished.

Notes
Turn   | Place    | Note
-------+----------+-------------------------------------------
     0 | D:1      | Lilleppy the Gargoyle Gladiator began the quest for the Orb.
     0 | D:1      | Reached XP level 1. HP: 12/12 MP: 1/1
   126 | D:1      | Reached XP level 2. HP: 17/17 MP: 2/2
   770 | D:2      | Reached XP level 3. HP: 17/21 MP: 3/3
  1332 | D:2      | Reached XP level 4. HP: 6/27 MP: 4/4
  1588 | D:2      | Reached skill level 4 in Maces & Flails
  1765 | D:3      | Reached skill level 1 in Armour
  2138 | D:3      | Reached XP level 5. HP: 31/31 MP: 5/5
  2748 | D:4      | Reached XP level 6. HP: 36/36 MP: 6/6
  2784 | D:4      | Reached skill level 5 in Maces & Flails
  2823 | D:4      | Noticed Spathi's ghost (amateur GrIE)
  2843 | D:4      | Killed Spathi's ghost
  2843 | D:4      | Reached skill level 1 in Shields
  2843 | D:4      | Reached XP level 7. HP: 18/41 MP: 7/7
  3105 | D:5      | Entered Level 5 of the Dungeon
  3277 | D:5      | Found a radiant altar of Vehumet.
  3338 | D:5      | Reached skill level 6 in Maces & Flails
  3349 | D:5      | HP: 2/41 [orc priest/divine providence (14)]
  3679 | D:5      | Found Matucw's Book Shop.
  3775 | D:5      | Found a runed door.
  3779 | D:5      | Noticed Crazy Yiuf
  3790 | D:5      | Killed Crazy Yiuf
  3874 | D:5      | Reached XP level 8. HP: 10/48 MP: 8/8
  3881 | D:5      | Slain by a gnoll

Skill      XL: |  1  2  3  4  5  6  7 |
---------------+----------------------+-----
Throwing       | 2 |  2.0
Maces & Flails | 4 5 6 |  6.4
Dodging        | 3 |  3.7
Armour         | 2 3 4 |  4.1
Fighting       | 3 |  3.7
Shields        | 1 |  1.9
Stealth        | |  0.8

Action                   |  1- 3 |  4- 6 |  7- 9 || total
-------------------------+-------+-------+-------++-------
Melee: Flail             |    68 |       |       ||    68
       Whip              |    46 |    46 |       ||    92
       Mace              |       |    96 |   131 ||   227
  Use: Potion            |       |     1 |       ||     1
       Scroll            |       |       |     1 ||     1
  Eat: Meat ration       |       |     1 |     1 ||     2
Armor: Leather armour    |    10 |       |       ||    10
       Ring mail         |    98 |    42 |       ||   140
       Chain mail        |       |    72 |   114 ||   186
Dodge: Dodged            |   139 |    79 |    65 ||   283
Block: Buckler           |       |    17 |    18 ||    35
